 Dungeon Crawl Stone Soup version 0.31.0-11-ge490571c62 (webtiles) character file.

Game seed: 15476653516970402571

89 NamelessAdventurer the Trooper (level 4, 40/40 HPs)
             Began as a Hill Orc Fighter on Jan 27, 2024.
             Was a Follower of Trog.
             Quit the game on level 2 of the Dungeon.
             The game lasted 00:01:51 (362 turns).

NamelessAdventurer the Trooper (Hill Orc Fighter)    Turns: 362, Time: 00:01:52

Health: 40/40      AC:  7    Str: 18    XL:     4   Next: 55%
Magic:  5/5        EV:  9    Int: 10    God:    Trog [*.....]
Gold:   0          SH:  4    Dex: 10    Spells: 0/4 levels left

rFire   . . .        a - +0 war axe
rCold   . . .        c - +0 buckler
rNeg    . . .        b - +0 scale mail
rPois   .            (no helmet)
rElec   .            (no cloak)
rCorr   .            (no gloves)
SInv    .            (no boots)
Will    .....        (no amulet) Stlth
                     (no ring)
HPRegen 0.26/turn    (no ring)
MPRegen 0.09/turn

%: no passive effects
@: no status effects
A: no striking features
a: Renounce Religion, Berserk


You were on level 2 of the Dungeon.
You worshipped Trog.
Trog was aware of your devotion.
You visited 1 branch of the dungeon, and saw 2 of its levels.

Inventory:

Hand Weapons
 a - a +0 war axe (weapon)
Armour
 b - a +0 scale mail (worn)
 c - a +0 buckler (worn)
Scrolls
 f - a scroll of identify
 g - a scroll of teleportation
Potions
 d - a potion of attraction
 e - a potion of curing


   Skills:
 * Level 4.1 Fighting
 * Level 3.6 Axes
 * Level 3.9 Armour
 * Level 0.5 Dodging
 * Level 0.7 Stealth
 * Level 3.7 Shields
 - Level 0.8 Spellcasting


You couldn't memorise any spells.
You knew the following spells:

 Your Spells              Type           Power      Damage    Failure   Level
a - Freeze                Ice            0%         1d3       80%         1
b - Frozen Ramparts       Ice            0%         1d1       99%         3

Your spell library contained the following spells:

 Spells                   Type           Power      Damage    Failure   Level
 Hailstorm                Conj/Ice       0%         3d5       99%         3
 Animate Armour           Summ/Erth      0%         N/A       100%        4
 Summon Lightning Spire   Summ/Air       0%         N/A       100%        4
 Lee's Rapid Deconstruct  Erth           0%         3d4*      100%        5


Dungeon Overview and Level Annotations

Branches:
Dungeon (2/15)

Altars:
Trog


Message History

You kill the jackal!
The bat hits you but does no damage. x2
The bat barely misses you.
You hit the bat.
You kill the bat!
You see here a bat corpse.
Found a faded altar of an unknown god.
d - a smoky sapphire potion
There are no items here.
You see here a +0 ring mail.
A rat comes into view.
The rat squeaks loudly.
There is a faded altar of an unknown god here.
This altar belongs to (a) Dithmenos, (b) Trog or (c) Jiyva, but you can't tell which.
Press the corresponding letter to learn more about a god, or press enter to convert or escape to cancel.
Trog accepts your prayer! Trog welcomes you!
You can now go berserk at will.
The rat bites you.
The rat twitches its whiskers.
The rat closely misses you.
You hit the rat.
The rat is severely wounded.
You hit the withered plant.
The withered plant begins to crumble.
The rat bites you but does no damage. x2
You barely miss the rat.
The rat is severely wounded.
You hit the withered plant.
The withered plant crumbles away.
The rat bites you but does no damage.
You slash the rat!
You kill the rat!
Trog accepts your kill.
You see here a rat corpse.
You open the door.
Found a scroll of identify.
There is an open door here.
Found a stone staircase leading down.
f - 2 scrolls of identify (gained 1)
As you read the scroll of identify, it crumbles to dust.
d - a potion of attraction Are you sure you want to abandon this character and quit the game? (Confirm with "yes".)

###### ....####
#.#..P.## #########
..P♣.P.# #.@.....# #.
##.♣PP.P# #.......# #.
#.P♣_.♣P####.......#
..##...♣..†...'.......#
#......PP..####.......#
#...#[#........##+#####
....#.#.######....
..............> ##
###...########.


There were no monsters in sight!

Vanquished Creatures
  A phantom (D:1)
  A ball python (D:1)
  A giant cockroach (D:1)
  A goblin (D:1)
  A hobgoblin (D:1)
  5 jackals
  A quokka (D:2)
  2 bats
  A rat (D:2)
14 creatures vanquished.

Notes
Turn   | Place    | Note
-------+----------+-------------------------------------------
     0 | D:1      | NamelessAdventurer the Hill Orc Fighter began the quest for
                  | the Orb.
     0 | D:1      | Reached XP level 1. HP: 19/19 MP: 1/1
   201 | D:1      | Reached XP level 2. HP: 27/27 MP: 2/2
   205 | D:2      | Noticed a phantom
   224 | D:1      | Killed a phantom
   225 | D:1      | Reached skill level 4 in Fighting
   225 | D:1      | Reached XP level 3. HP: 16/33 MP: 2/4
   225 | D:1      | Reached XP level 4. HP: 19/40 MP: 2/5
   306 | D:1      | Learned a level 1 spell: Freeze
   310 | D:1      | Learned a level 3 spell: Frozen Ramparts
   323 | D:2      | Found a faded altar of an unknown god.
   334 | D:2      | Prayed at the altar of an unknown god.
   334 | D:2      | Became a worshipper of Trog the Wrathful
   334 | D:2      | Reached * piety under Trog
   362 | D:2      | Quit the game

Illustrated notes

Levels and vault maps discovered:
D:1:      orjb1_clovarrival, layout_loops_ring
D:2:      layout_basic, basic_altar, ebering_ecumenical_altar_petrified

Skill      XL: |  1  2 |
---------------+-------+-----
Fighting       | 4 |  4.1
Axes           | 3 |  3.6
Armour         | |  3.9
Dodging        | |  0.5
Stealth        | |  0.7
Shields        | |  3.7
Spellcasting   | |  0.8

Action                     |  1- 3 |  4- 6 || total
---------------------------+-------+-------++-------
  Melee: War axe           |    34 |    12 ||    46
    Use: Scroll            |     2 |     1 ||     3
         Potion            |     1 |       ||     1
 Armour: Scale mail        |    49 |    18 ||    67
  Dodge: Dodged            |    28 |     8 ||    36
  Block: Buckler           |    14 |     8 ||    22
